 Dungeon Crawl Stone Soup version 0.29-a0-1027-gcd8c55af63 (webtiles) character file.

Game seed: 2405296707382262797

45 Anon1729 the Shield-Bearer (level 3, 0/33 HPs)
             Began as a Minotaur Fighter on Aug 12, 2022.
             Was a Follower of Cheibriados.
             Slain by a kobold brigand
             ... wielding a +1 dagger of speed
              (5 damage)
             ... on level 4 of the Dungeon.
             The game lasted 00:04:36 (697 turns).

Anon1729 the Shield-Bearer (Minotaur Fighter)        Turns: 697, Time: 00:04:37

Health: 0/33       AC:  8    Str: 24    XL:     3   Next: 42%
Magic:  2/2        EV:  9    Int:  7    God:    Cheibriados [*.....]
Gold:   59         SH:  4    Dex: 11    Spells: 2/2 levels left

rFire   . . .      SeeInvis .   a - +0 war axe
rCold   . . .      Faith    .   c - +0 buckler
rNeg    . . .      Spirit   .   b - +0 scale mail
rPois   .          Reflect  .   (helmet restricted)
rElec   .          Harm     .   h - +0 cloak
rCorr   .          Rampage  .   (no gloves)
Will    .....                   (no boots)
Stlth   ..........              (no amulet)
HPRegen 0.11/turn               (no ring)
MPRegen 0.08/turn               (no ring)

@: mighty, lethally poisoned (0 -> -3), very slow
A: horns 2, retaliatory headbutt
a: Renounce Religion, Bend Time


You were on level 4 of the Dungeon.
You worshipped Cheibriados.
Cheibriados was aware of your devotion.
You visited 1 branch of the dungeon, and saw 4 of its levels.

You collected 59 gold pieces.

Inventory:

Hand Weapons
 a - a +0 war axe (weapon)
Armour
 b - a +0 scale mail (worn)
 c - a +0 buckler (worn)
 h - a +0 cloak (worn)
 i - a +0 scale mail
Wands
 j - a wand of digging (4)
Scrolls
 e - 3 scrolls of identify {unknown}
 g - 2 scrolls of noise {unknown}
Potions
 f - a potion of mutation {unknown}
 k - 2 potions of brilliance {unknown}


   Skills:
 + Level 4.1 Fighting
 * Level 3.1 Axes
 + Level 4.1 Armour
 + Level 4.2 Shields
 * Level 0.2 Invocations


You had 2 spell levels left.
You didn't know any spells.
Your spell library was empty.

Dungeon Overview and Level Annotations

Branches:
Dungeon (4/15)
 Temple: D:4-7

Altars:
Cheibriados


Innate Abilities, Weirdness & Mutations

You have a pair of horns on your head.
You reflexively headbutt those who attack you in melee.


Message History

You kill the kobold!
Cheibriados appreciates the change of pace.
No target in view!
No target in view!
No target in view!
No target in view!
No target in view!
You see here a +0 club.
A kobold comes into view. It is wielding a +0 dagger.
The kobold hits you but does no damage.
You hit the kobold.
You kill the kobold!
Cheibriados appreciates the change of pace.
You can now bend time to slow others.
Cheibriados raises the support of your attributes as your movement slows.
A kobold brigand comes into view.
It is wielding a +1 dagger of speed and quivering poisoned darts.
The kobold brigand shouts!
A kobold brigand comes into view.
It is wielding a +1 dagger of speed and quivering poisoned darts.
The kobold brigand moves out of view.
Things that are here:
a +0 dagger; a +0 robe; a kobold corpse
Found a book of the Spheres.
The kobold brigand shouts!
The kobold brigand throws a poisoned dart.
The poisoned dart hits you!
You are poisoned.
Found 26 gold pieces.
You feel sick.
Okay, then.
You feel very mighty all of a sudden.
You feel sick. The kobold brigand closely misses you.
You closely miss the kobold brigand. You slash the kobold brigand!
You feel sick.
The kobold brigand hits you with a +1 dagger of speed. x2
You block the kobold brigand's attack.
You barely miss the kobold brigand. You closely miss the kobold brigand.
You feel sick. The kobold brigand barely misses you.
The kobold brigand hits you with a +1 dagger of speed.
* * * LOW HITPOINT WARNING * * *
The kobold brigand hits you with a +1 dagger of speed.
You die...

###### ~~~~~# #######
~~~~ ###.....### ≈≈~ ###
))))......######≈# #..:$
.))#####.......###.....$
####≈≈≈###....).@K..#
.~~~≈≈~~~######..K###
..~~~~~~~~ #####
....~~~#### ...#####
#..# ...# #.##


You could see 2 kobold brigands.

Vanquished Creatures
  An adder (D:3)
  A dart slug (D:2)
  2 endoplasms (D:2)
  A goblin (D:1)
  7 hobgoblins
  2 quokkas (D:2)
  4 ball pythons (D:2)
  A bat (D:2)
  A frilled lizard (D:2)
  9 kobolds
  4 rats
33 creatures vanquished.

Notes
Turn   | Place    | Note
-------+----------+-------------------------------------------
     0 | D:1      | Anon1729 the Minotaur Fighter began the quest for the Orb.
     0 | D:1      | Reached XP level 1. HP: 19/19 MP: 0/0
   255 | D:2      | Reached XP level 2. HP: 25/27 MP: 1/1
   322 | D:2      | Found a snail-covered altar of Cheibriados.
   337 | D:2      | Became a worshipper of Cheibriados the Contemplative
   464 | D:3      | Reached XP level 3. HP: 30/33 MP: 2/2
   691 | D:4      | Reached * piety under Cheibriados
   692 | D:4      | Noticed a kobold brigand
   692 | D:4      | Noticed a kobold brigand
   697 | D:4      | Slain by a kobold brigand

Illustrated notes

Levels and vault maps discovered:
D:1:      tarquinn_simple_flora_water_c, layout_basic,
          dreamdust_ecumenical_altar_statues
D:2:      layout_loops_ring, basic_altar, grunt_ministairs_10
D:3:      layout_loops_cross, general_overflow_altar
D:4:      cheibrodos_thug_alley, layout_loops_corners,
          minmay_temple_entry_from_below_a, serial_shops, nicolae_shop_stone

Skill      XL: |  1  2 |
---------------+-------+-----
Shields        | 4 |  4.2
Fighting       | 4 |  4.1
Axes           | 3 |  3.1
Armour         | 4 |  4.1
Invocations    | |  0.2

Action                   || total
-------------------------++-------
Melee: War axe           ||    56
       Headbutt          ||     4
  Use: Potion            ||     1
Armor: Scale mail        ||    28
Dodge: Dodged            ||    42
Block: Buckler           ||    11

Table legend: (Time is in decaauts)
 A = Elapsed time spent in this place.
 B = Non-inter-level travel time spent in this place.
 C = Inter-level travel time spent in this place.
 D = Time resting spent in this place.
 E = Time spent auto-exploring this place.
 F = Levels seen in this place.
 G = Mean time per level.
                   A        B        C        D        E       F      G
               +--------+--------+--------+--------+--------+-----+--------+
         Total |    811 |    810 |      1 |     53 |    150 |   4 |  202.8 |
       Dungeon |    811 |    810 |      1 |     53 |    150 |   4 |  202.8 |
               +--------+--------+--------+--------+--------+-----+--------+

Top non-repeatable levels by time:
     D:2: 251 daAuts
     D:4: 249 daAuts
     D:1: 229 daAuts
     D:3: 80 daAuts
